 Dungeon Crawl Stone Soup version 0.27-a0-1136-g0b992a5a9d (webtiles) character file.

Game seed: 16360850027735347933

39 1player the Cudgeller (level 3, -2/31 HPs)
             Began as a Draconian Abyssal Knight on May 5, 2021.
             Was a Follower of Lugonu.
             Slain by an adder (4 damage)
             ... on level 1 of the Dungeon.
             The game lasted 00:03:40 (1493 turns).

1player the Cudgeller (Draconian Abyssal Knight)    Turns: 1493, Time: 00:03:41

Health: -2/31      AC:  5    Str: 15    XL:     3   Next: 28%
Magic:  4/4        EV: 12    Int: 12    God:    Lugonu [*.....]
Gold:   41         SH:  0    Dex: 10    Spells: 2/2 levels left

rFire    . . .     SeeInvis .   a - +1 mace
rCold    . . .     Faith    .   (no shield)
rNeg     . . .     Spirit   .   (armour unavailable)
rPois    .         Reflect  .   (helmet restricted)
rElec    .         Harm     .   (no cloak)
rCorr    .         Rampage  .   (no gloves)
Will     .....                  (no boots)
Stlth    +.........             (no amulet)
HPRegen  0.10/turn              (no ring)
MPRegen  0.09/turn              (no ring)

@: lethally poisoned (-2 -> -8), very slightly contaminated, invisible
A: AC +5, unfitting armour, cold-blooded
a: Renounce Religion, Depart the Abyss


You were on level 1 of the Dungeon.
You worshipped Lugonu.
Lugonu was aware of your devotion.
You visited 1 branch of the dungeon, and saw 2 of its levels.
You visited the Abyss 1 time.

You collected 41 gold pieces.

Inventory:

Hand Weapons
 a - a +1 mace (weapon)
Missiles
 d - 6 datura-tipped darts (quivered)
Scrolls
 b - a scroll of enchant armour {unknown}
 c - a scroll of identify {unknown}
 e - a scroll of summoning {unknown}
 h - a scroll of vulnerability {unknown}
Potions
 f - a potion of heal wounds {unknown}
 g - a potion of invisibility


   Skills:
 - Level 3.2 Fighting
 + Level 3.8 Maces & Flails
 - Level 2.1 Dodging
 - Level 2.0 Invocations


You had 2 spell levels left.
You didn't know any spells.
Your spell library was empty.

Dungeon Overview and Level Annotations

Branches:
Dungeon (2/15)

Altars:

Annotations:
D:2 Robin


Innate Abilities, Weirdness & Mutations

Your plain brown scales are hard. (AC +5)
You cannot fit into any form of body armour.
You are cold-blooded and may be slowed by cold attacks.


Message History

The adder hisses angrily.
The adder bites you. The adder barely misses you.
What are your orders? t - Shout!
Orders for allies: a - Attack new target. p - Attack previous target. r - Retreat! s - Stop attacking. g - Guard the area. f - Follow me.
Anything else - Cancel.
Retreat in which direction?
Press: ? - help, Dir - move target, p - adder Fall back!
The adder barely misses you. The adder closely misses you.
The adder hisses angrily.
The adder bites you but does no damage. The adder barely misses you.
The adder hisses angrily.
The adder bites you. The adder bites you.
The adder hisses angrily.
The adder barely misses you. The adder bites you.
You are poisoned.
The adder poisons you!
You feel sick.
The adder hisses angrily.
The adder closely misses you.
You feel sick. The adder barely misses you.
You feel sick. The adder bites you!
You are lethally poisoned!
The adder poisons you!
Okay, then.
It was a potion of invisibility.
You fade into invisibility!
* * * LOW HITPOINT WARNING * * *
You feel sick. The adder bites you.
* * * LOW HITPOINT WARNING * * *
The adder closely misses you.
You are very lightly contaminated with residual magic.
* * * LOW HITPOINT WARNING * * *
You feel sick. The adder bites you.
You die...

≈.#.........###.......#########
≈.##....(.....#.......###
≈...........#...........#########
≈...........###.......#.......##.
............###.......#######....
..............######...#######...
............#.########.##........
..#.....#####...........#.####...
...............S@..#.......###...
....##....#######................
....##.........#.....#..##.###...
##..##..............##..##.###...
###.............##..........##...
........####...#..........#.###..
.................#####..###.####.
.........###............###..# ##
..............#....#.......#.#


You could see a neutral adder (fast, strong, insane).

Vanquished Creatures
  2 dart slugs (D:1)
  4 bats (D:1)
  3 endoplasms
  4 goblins
  4 hobgoblins
  8 jackals (D:1)
  A quokka (D:1)
  A kobold (D:2)
  3 rats (D:1)
30 creatures vanquished.

Notes
Turn   | Place    | Note
-------+----------+-------------------------------------------
     0 | Abyss:1  | 1player the Draconian Abyssal Knight began the quest for
                  | the Orb.
     0 | Abyss:1  | Reached XP level 1. HP: 19/19 MP: 2/2
    75 | Abyss:1  | Noticed a large abomination
    91 | Abyss:1  | Noticed a small abomination
   131 | Abyss:1  | Noticed a thrashing horror
   132 | D:1      | Escaped the Abyss
   442 | D:1      | Reached XP level 2. HP: 26/26 MP: 3/3
   475 | D:1      | Reached * piety under Lugonu
   658 | D:1      | Found a faded altar of an unknown god.
  1006 | D:1      | Reached XP level 3. HP: 31/31 MP: 4/4
  1200 | D:2      | Noticed Robin
  1493 | D:1      | Slain by an adder

Illustrated notes

Levels and vault maps discovered:
D:1:      lightli_arrival_boilingwater, layout_rooms,
          chequers_ecumenical_altar_island
D:2:      layout_loops_ring, uniq_jessica, uniq_robin

Skill      XL: |  1  2 |
---------------+-------+-----
Maces & Flails | 3 |  3.8
Fighting       | |  3.2
Dodging        | |  2.1
Invocations    | |  2.0

Action                   || total
-------------------------++-------
Melee: Mace              ||    86
       Tailslap          ||     9
Throw: Dart              ||     1
Invok: Depart the Abyss  ||     1
  Use: Potion            ||     1
 Stab: Sleeping          ||     1
Armor: Skin              ||    34
Dodge: Dodged            ||    83

Table legend: (Time is in decaauts)
 A = Elapsed time spent in this place.
 B = Non-inter-level travel time spent in this place.
 C = Inter-level travel time spent in this place.
 D = Time resting spent in this place.
 E = Time spent auto-exploring this place.
 F = Levels seen in this place.
 G = Mean time per level.
                   A        B        C        D        E       F      G
               +--------+--------+--------+--------+--------+-----+--------+
         Total |   1534 |   1503 |     31 |    551 |    419 |   3 |  511.3 |
       Dungeon |   1401 |   1370 |     31 |    551 |    308 |   2 |  700.5 |
         Abyss |    132 |    132 |      0 |      0 |    111 |   1 |  132.0 |
               +--------+--------+--------+--------+--------+-----+--------+

Top non-repeatable levels by time:
     D:1: 1217 daAuts
     D:2: 184 daAuts
 Abyss:1: 132 daAuts
